[Event "ITT 1st Parada Jamundi 2022"]
[Site "Jamundi Valle"]
[Date "2022.12.10"]
[Round "9.2"]
[White "Rios, Cristhian Camilo"]
[Black "Cardoso Cardoso, Jose Gabriel"]
[Result "1/2-1/2"]
[ECO "B51"]
[WhiteElo "2456"]
[BlackElo "2483"]
[Annotator "TA"]
[PlyCount "37"]
[EventDate "2022.12.05"]
[EventType "swiss"]
[EventCountry "COL"]
[SourceTitle "playchess.com"]
[Source "ChessBase"]
[SourceQuality "1"]
[TimeControl "5400+30"]

1. e4 c5 2. Nf3 d6 3. Bb5+ Nd7 4. d4 cxd4 5. Qxd4 a6 6. Be2 {[%emt 0:00:22] B51: Sicilian: Moscow Variation (3 Bb5+) without 3...Bd7.} Ngf6 7. O-O e6 8. Rd1 {[%emt 0:07:23] White is slightly better.} Qc7 9. c4 Be7 10. Nc3 O-O 11. b3 Rd8 {[%emt 0:14:02] [#]} 12. Ba3 $146 ({Predecessor:} 12. h3 b6 13. Ba3 Nc5 14. b4 Ncd7 15. Rac1 Bb7 16. Bb2 Rac8 17. a3 Qb8 18. Qe3 {½-½ (54) Padurariu,M (2255)-Magold,V (2026) Eforie Nord 2022}) 12... Ne8 13. Rac1 b6 14. Qe3 Bb7 15. Nd4 Rac8 16. f4 Nef6 $2 {[%emt 0:00:30] [#]} ({Better is} 16... h6 $14) 17. Bf3 $2 (17. e5 $1 $18) 17... Bf8 18. f5 {[%emt 0:00:30] White is more active.} (18. g4 $16) 18... e5 $11 19. Nc2 {[%emt 0:00:30] Weighted Error Value: White=0.24 (precise) /Black=0.22 (precise)} 1/2-1/2

[Event "ITT 1st Parada Jamundi 2022"]
[Site "Jamundi Valle"]
[Date "2022.12.11"]
[Round "9.3"]
[White "Cruz, Cristhian"]
[Black "Avila Pavas, Santiago"]
[Result "1-0"]
[ECO "A25"]
[WhiteElo "2552"]
[BlackElo "2461"]
[Annotator "TA"]
[PlyCount "95"]
[EventDate "2022.12.05"]
[EventType "swiss"]
[EventCountry "COL"]
[SourceTitle "playchess.com"]
[Source "ChessBase"]
[SourceQuality "1"]
[TimeControl "5400+30"]

1. c4 {[%emt 1:31:00] Aseev,Konstantin N} e5 2. Nc3 Nf6 3. e3 Nc6 4. a3 d5 5. cxd5 Nxd5 6. Qc2 {[%emt 0:00:30] A25: English Opening vs King's Indian with ...Nc6 but without early d3.} Be6 7. Nf3 Bd6 8. Ne4 {[%emt 0:00:30] [#] The position is equal.} f6 $146 {[%emt 0:00:30] Prevents Nfg5.} (8... Nf6 $11) ({Predecessor:} 8... f5 9. Neg5 Bd7 10. Bc4 h6 11. Nf7 Kxf7 12. Bxd5+ Kf8 13. Bxc6 bxc6 14. d4 e4 {½-½ (42) Kortschnoj,V (2635)-Aseev,K (2530) St Petersburg 1997 CBM 059 [Aseev,Konstantin N]}) 9. Bc4 Qd7 10. d3 Nb6 11. Bxe6 Qxe6 12. O-O f5 13. Ned2 O-O-O 14. b4 {[%emt 0:00:30] next b5 is good for White.} g5 (14... a6 $11) 15. Nxg5 $16 Qg6 16. Ngf3 {[%emt 0:00:30] Threatens to win with b5.} (16. b5 $5 ) 16... Rdg8 17. g3 {[%emt 0:00:30] aiming for b5.} h5 $1 {[%emt 0:00:30] White must now prevent ...h4.} 18. h4 (18. Nh4 $14 Qg4 19. Kh1) 18... e4 (18... Qg4 $1 $11 19. Ng5 e4) 19. Ng5 $1 $14 (19. dxe4 Bxg3 $1 20. Kh1 Be5 $17) 19... Be7 $1 20. dxe4 Bxg5 21. exf5 Qg7 {[%emt 0:00:30] [#] This costs Black the game.} (21... Qh6 $16 {was worth a try.}) 22. hxg5 $1 $18 Qxa1 (22... h4 23. Bb2) 23. b5 Nd8 24. Bb2 Qa2 25. Ra1 ({Not} 25. Rc1 Rh7 $18) 25... Qd5 26. Bxh8 Rxh8 27. Rc1 $40 {[%emt 0:00:30][%csl Gc1][%cal Rc2c7][%mdl 128] White has strong attack.} c6 28. e4 Qxb5 29. g6 Qe2 {[%emt 0:00:30] [#]} 30. Nc4 $1 {[%emt 0:00:30] Against h4} Qf3 $2 (30... Qxc4 31. Qxc4 Nxc4 32. Rxc4 Rf8) 31. Nxb6+ axb6 32. Qc3 Qxc3 33. Rxc3 {[%emt 0:00:30][%mdl 4096] Endgame KRN-KR} c5 34. f4 Rg8 35. e5 Kd7 36. Rd3+ Ke8 37. Kh2 Nc6 38. g4 hxg4 39. Kg3 c4 40. Rc3 Ne7 41. Kxg4 (41. Rxc4 $2 {perishes.} Nxf5+ 42. Kf2 g3+ 43. Kg1 Kd7 44. e6+ Kxe6 $19) 41... Nd5 42. Rc1 ({Worse is} 42. Rxc4 Ne3+ 43. Kg5 Nxc4 $11) 42... c3 43. Kg5 {[%emt 0:00:30] f6 is the strong threat.} Rh8 44. g7 Rg8 45. f6 {[%emt 0:00:30] And now e6 would win.} Kf7 {[%emt 0:01:00] Against e6+} 46. Re1 (46. f5 $142 Rxg7+ 47. fxg7 Kxg7 48. f6+ Kf7 49. Kf5 Ne3+ 50. Ke4) 46... Rc8 47. e6+ Kg8 48. Rh1 {[%emt 0:00:30] Weighted Error Value: White=0.21 (precise) /Black=0.57} 1-0

[Event "ITT 1st Parada Jamundi 2022"]
[Site "Jamundi Valle"]
[Date "2022.12.11"]
[Round "9.4"]
[White "Mirzoev, Azer"]
[Black "Zuluaga Mancilla, Cesar"]
[Result "1-0"]
[ECO "D37"]
[WhiteElo "2462"]
[BlackElo "2230"]
[Annotator "TA"]
[PlyCount "128"]
[EventDate "2022.12.05"]
[EventType "swiss"]
[EventCountry "COL"]
[SourceTitle "playchess.com"]
[Source "ChessBase"]
[SourceQuality "1"]
[TimeControl "5400+30"]

1. d4 Nf6 2. Nf3 d5 3. c4 e6 4. Nc3 a6 5. c5 b6 6. cxb6 {[%emt 0:00:09] D37: Queen's Gambit Declined: 5 Bf4.} cxb6 7. Bf4 Bb7 8. e3 {[%emt 0:00:03] The position is equal.} Nbd7 9. Bd3 Be7 10. O-O O-O 11. a4 Ne4 {[%emt 0:06:30] [#]} (11... Nh5 $5 ) 12. h3 $146 ({Predecessor:} 12. Nd2 Ndf6 13. Ncxe4 dxe4 14. Be2 Rc8 15. Nc4 Nd5 16. Bg3 Bb4 17. Qb3 a5 18. Rac1 {0-1 (47) Abdyjapar,A (2382)-Ni,H (2671) Riadh 2017}) 12... Ndf6 13. Qe2 Nd6 14. Rfc1 Nfe4 15. Ne5 f6 16. Nf3 Qd7 17. Nd2 Nxd2 18. Qxd2 Rfc8 19. Qc2 f5 20. Qb3 Nc4 21. Rc2 Rc6 22. Rac1 Rac8 23. Qa2 Bb4 24. Bg3 h6 25. Ne2 Bd2 26. Rd1 {[%emt 0:03:42] And now b3 would win.} (26. Rb1 $5 Bb4 $8 27. b3 $11) 26... Ba5 (26... Bb4 $11 {remains equal.}) 27. Nf4 (27. b3 $16 Nd6 28. Rxc6 Rxc6 29. Qa3) 27... g5 28. Nh5 Qf7 {[%emt 0:01:33] Against Nf6+} 29. Be2 {[%emt 0:00:05] Threatens to win with b3.} Bb4 30. Bh2 a5 31. Rdc1 Bd6 32. b3 Bxh2+ 33. Kxh2 Nd6 34. Rxc6 Rxc6 35. Rxc6 Bxc6 36. Qc2 Be8 37. f4 Qe7 38. Ng3 gxf4 39. exf4 Qh4 ({Better is} 39... Qb7 $11) 40. Qc1 (40. Qc7 $1 $14 Qxf4 41. Qd8) 40... Kf8 $11 41. Bf3 Ke7 $2 (41... Qd8 $11 {and Black is okay.}) 42. Qc7+ $18 Bd7 43. Ne2 (43. Qxb6 Qxf4 44. Qxa5 Qxd4 $11) ({White should play} 43. Nh5 $1 $18 Ne8 44. Qe5 (44. Qxb6 Qe1 $16)) 43... Qe1 $16 44. Qxb6 Ne4 (44... h5 $142) 45. Bxe4 $1 (45. Qc7 $6 Nd2 46. Qc5+ (46. Qxa5 $2 Nxf3+ 47. gxf3 Qxa5 $19) 46... Kd8 $11) 45... dxe4 {[%emt 0:00:40][%mdl 4096] Endgame [#] KQB-KQN} (45... Qxe2 $14 46. Qc5+ Ke8) 46. Qc5+ (46. d5 $1 $18 {[%cal Rd5d6] and the rest is easy. Black must now prevent d6+.} exd5 (46... Qb4 47. Qc7) 47. Qc5+ (47. Ng3 Qc3 $14) 47... Ke8 48. Ng3 (48. Nd4 Qf2 $11)) 46... Ke8 (46... Kd8 $142) 47. Ng3 $1 e3 (47... Kd8 $16 48. d5 Qb4) 48. Qe5 $18 {[%emt 0:00:44] d5 is the strong threat.} Kd8 49. d5 ({White should try} 49. Qb8+ $1 $18 Ke7 50. Qc7) 49... exd5 $16 50. Qxd5 (50. Qb8+ $1 $16 Ke7 51. Qb7) 50... Qd2 {[%emt 0:00:59] [#]} (50... Kc7 $1 $14 {was preferrable.}) 51. Qa8+ $1 (51. Qe5 Bc6 52. Qf6+ (52. Qxf5 $2 Qxg2#) 52... Kc7 53. Qg7+ Kb6 $17) 51... Ke7 52. Qa6 {[%emt 0:01:22] Against e2} (52. Qh8 $16) 52... h5 (52... Qd6 $11 {keeps the balance.} 53. Qxa5 Qxf4) 53. Nxh5 {[%emt 0:00:49] White threatens Qf6+ and mate.} Bc6 $2 54. Qxc6 $18 e2 55. Qc7+ (55. Qf6+ Kd7 56. Qf7+ (56. Qxf5+ Kd8 $11) 56... Kd8 57. Qf8+ (57. Qxf5 $2 e1=Q $19) 57... Kc7 58. Qg7+ (58. Qxf5 $2 e1=Q $19) (58. Qe7+ Kb6 $11) 58... Kc6 59. Qf6+ Kd7 60. Qxf5+ Kd8 61. Qf6+ (61. Qf8+ Kc7 $11) 61... Kd7 62. Qg7+ Kd6 63. Qe5+ Kc6 64. Qe6+ Kc7 65. Qf7+ Kc6 66. Qe8+ Kc7 67. Qe5+ Kc6 68. Qf6+ Kd7 69. Qg7+ Kd6 70. Qh6+ (70. Qe5+ Kc6 $11) 70... Kc7 71. Qh7+ Kb6 72. Qh6+ Kc7 73. Qg7+ Kd6 $11) 55... Ke6 56. Ng7+ Kf6 57. Ne8+ Ke6 {[%emt 0:00:10] [#]} 58. Qe5+ $1 Kd7 59. Nf6+ (59. Qxf5+ Kxe8 60. Qh5+ Ke7 61. Qg5+ (61. Qe5+ Kf7 $11) 61... Kf7 62. Qf5+ Kg7 63. Qg4+ (63. Qe5+ Kf7 $11) 63... Kf7 64. Qh5+ Kg7 65. Qg5+ (65. Qe5+ Kf7 $11) 65... Kf7 66. Qh5+ Kf6 67. Qe5+ Kf7 68. Qf5+ Kg7 69. Qg4+ (69. Qe5+ Kf7 $11) 69... Kf8 70. Qc8+ (70. Qf5+ Kg7 $11) 70... Kg7 71. Qg4+ $11) 59... Kc6 60. Qb5+ {[%emt 0:00:09] White mates.} Kc7 61. Nd5+ ({Worse is} 61. Qxf5 e1=Q 62. Qc5+ Kd8 63. Qf8+ Kc7 64. Qc5+ Kb8 65. Qb5+ Ka7 66. Qc5+ Kb8 67. Qb5+ Kc8 68. Qc5+ Kd8 69. Qf8+ Kc7 70. Qc5+ $11) 61... Kd8 62. Qb8+ Kd7 63. Qb7+ Kd6 64. Qc7+ Ke6 {[%emt 0:01:11] Weighted Error Value: White=0.15 (very precise) /Black=0.39} 1-0

[Event "ITT 1st Parada Jamundi 2022"]
[Site "Jamundi Valle"]
[Date "2022.12.11"]
[Round "9.5"]
[White "Aguero Jimenez, Luis Lazaro"]
[Black "Argote Heredia, Valentina"]
[Result "1/2-1/2"]
[ECO "B20"]
[WhiteElo "2465"]
[BlackElo "2140"]
[Annotator "TA"]
[PlyCount "124"]
[EventDate "2022.12.05"]
[EventType "swiss"]
[EventCountry "COL"]
[SourceTitle "playchess.com"]
[Source "ChessBase"]
[SourceQuality "1"]
[TimeControl "5400+30"]

1. e4 c5 2. Ne2 d6 3. g3 d5 4. Bg2 dxe4 5. Bxe4 Nf6 6. Bg2 {[%emt 0:00:01] B20: Sicilian: Unusual White 2nd moves.} Nc6 7. Nbc3 {[%emt 0:00:43] [#]} g6 $146 ({Predecessor:} 7... e6 8. d3 Be7 9. O-O O-O 10. h3 Nd4 11. Nf4 a6 12. Be3 Rb8 13. Ne4 b6 {1-0 (67) Anisimov,P (2527)-Indjic,A (2607) Chess.com INT 2021}) 8. d3 Nd4 9. h3 Bg7 10. Be3 O-O 11. Qd2 Re8 (11... Be6 {keeps more tension.} 12. O-O-O Qb6 13. Nf4 Bd7) 12. g4 (12. O-O-O {seems wilder.} Qb6 13. g4 Rb8 14. f4) 12... Rb8 13. Ng3 b5 (13... Qb6 $5 ) 14. g5 (14. Nce4 $15) 14... Nd7 (14... Bb7 $17 15. Bxb7 (15. gxf6 $2 {too greedy.} Bxg2 16. Bxd4 cxd4 $19) 15... Rxb7 16. Bxd4 cxd4) 15. O-O $15 Nb6 16. Kh1 Bb7 17. Nce4 c4 18. Rad1 Nf5 19. Bf4 e5 (19... Nh4 $5) 20. Be3 Nh4 (20... Qc7 {is interesting.} 21. dxc4 Nxc4 22. Qd7 Qxd7 23. Rxd7 Nfxe3 24. fxe3 Rf8) 21. Qe2 (21. dxc4 $1 $11 Nxc4 22. Qxd8 Rbxd8 23. Bc1) 21... Nxg2 (21... c3 $17 22. bxc3 Nd5) 22. Kxg2 c3 (22... Nd5 $15 23. dxc4 bxc4) 23. Bxb6 (23. bxc3 $11 Nd5 24. Qd2) 23... axb6 24. f3 b4 (24... cxb2 $15 25. Rb1 Qd4) 25. bxc3 $11 bxc3 26. h4 b5 27. Rb1 {[%emt 0:07:29] Prevents b4.} Bc6 28. a3 Qa5 29. Rb3 Rec8 30. Qe1 Bd7 (30... Bd5 $11 {is more appropriate.} 31. Rxc3 Rxc3 32. Qxc3 Qxc3 33. Nxc3 Bc6) 31. Rxc3 Qa4 (31... Qb6 $11) 32. Rf2 $16 Be6 33. h5 Rxc3 34. Qxc3 Rc8 {[%emt 0:00:43] Prevents h6.} (34... Qd4 $16 {might work better.}) 35. Qd2 ({White should try} 35. Qb2 $18) 35... Qxa3 $14 36. Nf6+ Kh8 37. Nge4 {[%emt 0:01:30] Pair of Knights!} Bf5 (37... gxh5 $1 $11 38. Nxh5 Bf5) 38. Qe3 (38. h6 $16 Bxf6 39. Nxf6) 38... Qe7 $2 (38... gxh5 $11 {and Black is okay.} 39. Nxh5 Qe7) 39. Qb6 $2 (39. h6 $18 Bxf6 40. Nxf6) 39... Bxf6 40. Nxf6 gxh5 {[%emt 0:00:58] The position is equal.} 41. f4 Qc5 42. Qxc5 Rxc5 43. fxe5 $11 {[%emt 0:00:25][%mdl 4096] Endgame KRB-KRN} Bg6 ({Much less strong is} 43... Rxe5 44. d4 Be4+ 45. Kh3 $18) 44. Re2 b4 45. Kg3 Kg7 ({Resist} 45... b3 46. cxb3 Bxd3 47. Ra2 $16) 46. Kh4 h6 47. Nxh5+ Bxh5 48. Kxh5 hxg5 49. Kxg5 {[%emt 0:00:07] And now Kf4 would win. KR-KR} f6+ 50. Kf5 {[%emt 0:00:10] [#] d4 is the strong threat.} fxe5 51. Ke6 Kf8 52. Kd6 Rc3 53. Kxe5 {[%emt 0:00:39] Threatens to win with Kd5.} b3 $1 54. cxb3 {[%emt 0:00:01] [#] Hoping for Kd5.} Rxd3 55. b4 Ke7 56. Rc2 Kd7 57. b5 Rb3 58. Rc5 Rb4 59. Kd5 Rb1 60. Kd4 Rb4+ 61. Kc3 Rb1 62. Kc2 Rb4 {[%emt 0:00:00] Weighted Error Value: White=0.21 (precise) /Black=0.22 (precise)} 1/2-1/2

[Event "ITT 1st Parada Jamundi 2022"]
[Site "Jamundi Valle"]
[Date "2022.12.10"]
[Round "9.6"]
[White "Campos Gomez, Manuel"]
[Black "Paredes Lagos, Anthony Javier"]
[Result "1/2-1/2"]
[ECO "E05"]
[WhiteElo "2322"]
[BlackElo "2230"]
[Annotator "TA"]
[PlyCount "44"]
[EventDate "2022.12.05"]
[EventType "swiss"]
[EventCountry "COL"]
[SourceTitle "playchess.com"]
[Source "ChessBase"]
[SourceQuality "1"]
[TimeControl "5400+30"]

1. d4 Nf6 2. Nf3 e6 3. c4 d5 4. g3 Be7 5. Bg2 O-O 6. O-O dxc4 7. Qc2 b5 8. a4 {[%emt 0:00:09] E05: Open Catalan: 5 Nf3 Be7.} Bb7 {[%emt 0:01:48] now supersedes 8...b4.} 9. axb5 a6 10. Nc3 {[%emt 0:05:47] Against Be4. White has an edge.} (10. Qxc4 $2 {loses.} axb5 11. Qxb5 Bc6 12. Rxa8 Bxb5 $19) 10... axb5 11. Rxa8 Bxa8 12. Nxb5 Bd5 13. Bf4 c5 14. dxc5 Qa5 15. Nc3 {[%emt 0:05:29] [#]   Weighted Error Value: White=0.00 (flawless) /Black=0.05 (flawless)} {Predecessor:} Qxc5 $146 16. Be3 Qa5 17. Nxd5 Nxd5 18. Bg5 Rc8 19. Bxe7 Nxe7 20. Nd2 c3 21. Rc1 Qa6 22. bxc3 Qxe2 {½-½ (36) Maghsoodloo,P (2701)-Nakamura,H (2768) Chess.com INT 2022} 1/2-1/2

[Event "ITT 1st Parada Jamundi 2022"]
[Site "Jamundi Valle"]
[Date "2022.12.10"]
[Round "9.7"]
[White "Delgado Ramirez, Neuris"]
[Black "Valdes Martinez, Miguel A."]
[Result "1-0"]
[ECO "B07"]
[WhiteElo "2572"]
[BlackElo "2104"]
[Annotator "TA"]
[PlyCount "55"]
[EventDate "2022.12.05"]
[EventType "swiss"]
[EventCountry "COL"]
[SourceTitle "playchess.com"]
[Source "ChessBase"]
[SourceQuality "1"]
[TimeControl "5400+30"]

1. e4 d6 2. d4 Nf6 3. Nc3 Nbd7 4. g3 e5 5. Nge2 g6 6. Bg2 Bg7 7. h3 O-O 8. O-O c6 9. a4 Re8 10. Re1 Qc7 {[%emt 0:02:06] B07: Pirc Defence: Miscellaneous Systems.} 11. Be3 b6 12. g4 h6 {[%emt 0:02:57] White is slightly better.} 13. Qd2 Kh7 $1 14. Ng3 Bb7 {[%emt 0:04:03] [#]} 15. f4 $146 ({Predecessor:} 15. Rad1 Rad8 16. f4 Nf8 17. Nce2 Ne6 18. c3 c5 19. f5 exd4 20. cxd4 cxd4 21. Nxd4 Nxd4 22. Bxd4 {0-1 (46) Karimov,A (2168)-Ali,M (2421) Ashkhabad 2017}) 15... a6 ({Better is} 15... exf4 $14 16. Bxf4 a6) 16. dxe5 $16 dxe5 17. g5 Ng8 {[%emt 0:02:09] [#]} 18. f5 $36 {[%emt 0:00:00][%mdl 2048] And now h4 would win. White is in control. White has more active pieces.} Rad8 {[%emt 0:06:10] [#]} (18... hxg5 $16 19. Bxg5 Ngf6) 19. Qf2 (19. h4 $1 $18 {is more deadly.}) 19... c5 $2 {[%emt 0:05:41] Prevents a5.} (19... hxg5 $16 20. Bxg5 Bf6) 20. h4 $18 h5 21. Rad1 Nb8 22. f6 Bf8 23. Nd5 Bxd5 24. exd5 ({Less strong is} 24. Rxd5 Qc8 25. Qf3 Nc6 $18) 24... b5 25. Be4 Kh8 26. axb5 axb5 {[%emt 0:00:17] [#]} 27. Nxh5 $1 gxh5 (27... Nd7 28. Ng3) 28. Qf5 {[%emt 0:00:00] Black got outplayed after the opening.   Weighted Error Value: White=0.33/Black=0.98} 1-0

[Event "ITT 1st Parada Jamundi 2022"]
[Site "Jamundi Valle"]
[Date "2022.12.11"]
[Round "9.8"]
[White "Arango Arenas, Juan Camilo"]
[Black "Herrera, Juan Sebastian"]
[Result "1-0"]
[ECO "B43"]
[WhiteElo "2202"]
[BlackElo "2297"]
[Annotator "TA"]
[PlyCount "61"]
[EventDate "2022.12.05"]
[EventType "swiss"]
[EventCountry "COL"]
[SourceTitle "playchess.com"]
[Source "ChessBase"]
[SourceQuality "1"]
[TimeControl "5400+30"]

1. e4 c5 2. Nf3 e6 3. d4 cxd4 4. Nxd4 a6 5. Nc3 Qc7 6. g3 Bb4 7. Bd2 Nf6 8. Bg2 Nc6 9. Nb3 {[%emt 0:00:10] B43: Sicilian: Kan Variation: 5 Nc3.} Be7 10. O-O b5 ({Black should play} 10... d6 $11) 11. a3 (11. a4 $14 bxa4 12. Rxa4) 11... Bb7 12. f4 {[%emt 0:00:09] Prevents Ne5.} (12. Nd5 {is interesting.} exd5 13. exd5 O-O 14. dxc6 Bxc6 15. Re1) 12... d6 {[%emt 0:00:08] Against e5} 13. Be3 Rc8 14. Qe2 O-O 15. g4 Rfd8 (15... Nd7 $11) 16. g5 $14 {[%emt 0:00:09] [#]} Ne8 $146 (16... Nd7 $14) ({Predecessor:} 16... Nd7 17. Rf3 Na5 18. Nxa5 Qxa5 19. Raf1 Rxc3 20. bxc3 Bxe4 21. Rg3 Bf5 22. Bh3 Bxh3 23. Rxh3 Qxc3 {1-0 (36) Parrini,D (2036)-Radice,M (1930) Campobasso 2009}) 17. Qh5 (17. f5 $18) 17... g6 18. Qh4 Na5 (18... Ng7 $14) 19. Nxa5 $18 Qxa5 20. Qf2 (20. f5 $142 $1 Qc7 21. fxe6 fxe6 22. Qf2) 20... d5 ({Black should try} 20... Qc7) 21. f5 $1 $36 {[%emt 0:00:17][%mdl 2048] aiming for fxg6. White is in control.} (21. Bb6 $6 Qxb6 22. Qxb6 Bc5+ $11) 21... gxf5 22. exf5 (22. Bb6 Qxb6 $1 23. Qxb6 Bc5+ $15) 22... e5 23. g6 {[%emt 0:26:44] Inhibits d4. White is more active.} (23. Bb6 $6 Qxb6 24. Qxb6 Bc5+ $11) (23. Kh1 $16 Rxc3 24. bxc3 Qxc3 25. Rae1) 23... Nf6 24. Kh1 ({But not} 24. Bb6 {[#]} Qxb6 $1 25. Qxb6 (25. gxf7+ $2 Kxf7 26. Qxb6 Bc5+ $19) 25... Bc5+ $17) (24. Qg3 $14 Qc7 25. Rae1) 24... Ng4 $2 (24... Qc7 $1 $11 {and Black is okay.} 25. Bb6 Qd6) 25. Qg3 $18 Rc4 26. f6 {[%emt 0:01:52] Black must now prevent gxh7+.} Bf8 27. gxh7+ ({Weaker is} 27. g7 Bd6 $18) 27... Kxh7 28. Rf5 {[%emt 0:00:24][%cal Bf1f5,Bf5g5,Bg5g7][%mdl 32] Qh3+ would kill now.} Nh6 29. Rg5 {[%emt 0:00:25] White mates.} Rxc3 30. Rg7+ Kh8 31. Qg5 {[%emt 0:19:40] Weighted Error Value: White=0.24 (precise) /Black=0.83} 1-0

[Event "ITT 1st Parada Jamundi 2022"]
[Site "Jamundi Valle"]
[Date "2022.12.11"]
[Round "9.9"]
[White "Lopez Rayo, Santiago"]
[Black "Larino Nieto, David"]
[Result "0-1"]
[ECO "C61"]
[WhiteElo "2300"]
[BlackElo "2466"]
[Annotator "TA"]
[PlyCount "134"]
[EventDate "2022.12.05"]
[EventType "swiss"]
[EventCountry "COL"]
[SourceTitle "playchess.com"]
[Source "ChessBase"]
[SourceQuality "1"]
[TimeControl "5400+30"]

1. e4 e5 2. Nf3 Nc6 3. Bb5 Nd4 4. Nxd4 exd4 5. O-O c6 6. Bc4 Nf6 {[%emt 0:00:16] C61: Ruy Lopez: Bird's Defence.} 7. d3 a5 8. a3 {[%emt 0:11:39] [#]} d5 $146 {[%emt 0:01:27] The position is equal.} ({Predecessor:} 8... Be7 9. Bg5 d6 10. h3 h6 11. Bh4 h5 12. Nd2 Qc7 13. Nf3 c5 14. Re1 Ng4 {0-1 (45) Da Silva Filho,J (1624)-De Lima,C (1527) Joao Pessoa 2014}) 9. exd5 Nxd5 10. Re1+ Be7 11. Bg5 {[%emt 0:01:35] Black must now prevent Bxd5.} O-O 12. Bxe7 Nxe7 13. Nd2 a4 14. Qf3 Ng6 15. Qe4 Ra7 16. Ba2 b6 17. Nf3 (17. Nc4 $5 ) 17... c5 18. Qd5 Rd7 (18... Rc7 {simplifies} 19. Qxd8 Rxd8 20. g3 Bb7) 19. Qh5 {[%emt 0:06:21] Threatens to win with Ng5.} Qf6 20. Qg5 (20. Nd2 {keeps more tension.} Bb7 21. Ne4 Qc6 22. Qg4) 20... Qxg5 21. Nxg5 Bb7 22. Ne4 Rc8 23. Nd2 b5 {[%emt 0:00:51] Against Nc4} 24. g3 Kf8 25. b3 axb3 26. cxb3 Ba6 27. Rac1 Rdc7 28. Rc2 b4 29. axb4 cxb4 (29... Bxd3 30. Rxc5 Rxc5 31. bxc5 $11) 30. Nc4 {[%emt 0:01:04] [#]} ({Better is} 30. Rxc7 $1 $15 Rxc7 31. Bb1) 30... Re7 $1 $17 31. Rce2 Rce8 32. Kf1 Bc8 {[%emt 0:00:22] And now ...Bh3+ would win.} 33. f3 Rxe2 34. Rxe2 Be6 35. Bb1 Ra8 36. Ra2 Rxa2 37. Bxa2 Bxc4 (37... Ne7 $15) 38. dxc4 $15 {[%emt 0:00:44][%mdl 4096] Endgame KB-KN} Ne5 39. Ke2 d3+ 40. Ke3 d2 41. Kxd2 Nxf3+ 42. Ke3 (42. Kd3 $5 ) 42... Nxh2 43. Bb1 {[%emt 0:00:14] Prevents f5.} h5 44. Bf5 {[%emt 0:01:03] [#]} (44. Bd3 $11 {remains equal.}) 44... g6 ({Black should try} 44... Ke7 $1 $17) 45. Bh3 g5 46. Kf2 Ke7 47. Kg2 Ng4 48. Bxg4 hxg4 $17 {[%emt 0:00:02] KP-KP} 49. Kf2 Kd6 50. Ke2 Ke5 51. Kd3 f6 52. Ke3 f5 53. Ke2 Kd4 54. Kf2 f4 55. Kf1 Ke5 ({Don't play} 55... fxg3 $6 56. Kg2 $11) (55... Kc3 $2 56. c5 $18) 56. Kf2 Ke4 57. Kf1 $2 {[%emt 0:00:31][%mdl 8192] This move loses the game for White.} (57. Ke2 $17) 57... Kf3 $19 {[%emt 0:01:10] Black is clearly winning.} ({Worse is} 57... fxg3 58. Kg2 $11) 58. c5 Kxg3 59. c6 Kh2 60. c7 g3 61. c8=Q g2+ 62. Ke2 g1=Q (62... g1=B $2 {is a self mate.} 63. Kf3 Be3 64. Qg4 Kh1 65. Qg2#) 63. Qh8+ Kg3 64. Qf6 Qe3+ 65. Kd1 Qxb3+ 66. Ke2 Qe3+ 67. Kd1 Qd3+ {[%emt 0:00:06] Weighted Error Value: White=0.19 (very precise) /Black=0.07 (flawless)} 0-1